 Dungeon Crawl Stone Soup version 0.31.0-11-ge490571c62 (webtiles) character file.

Game seed: 14506370057731925474

182 qw the Skirmisher (level 5, 0/29 HPs)
             Began as a Deep Elf Hunter on Feb 4, 2024.
             Slain by a gnoll sergeant
             ... wielding a +1 spear of freezing
              (14 damage)
             ... on level 5 of the Dungeon.
             The game lasted 00:00:13 (2657 turns).

qw the Skirmisher (Deep Elf Hunter)                 Turns: 2657, Time: 00:00:13

Health: 0/29       AC:  5    Str: 10    XL:     5   Next: 34%
Magic:  7/7        EV: 11    Int: 14    God:
Gold:   219        SH:  0    Dex: 18    Spells: 4/4 levels left

rFire   . . .        d - +0 orcbow (flame)
rCold   . . .        (shield currently unavailable)
rNeg    . . .        i - +0 ring mail
rPois   .            (no helmet)
rElec   .            (no cloak)
rCorr   .            (no gloves)
SInv    +            (no boots)
Will    .....        j - amulet of the acrobat
Stlth   +            f - ring of see invisible
HPRegen 0.24/turn    (no ring)
MPRegen 0.10/turn

%: acrobat
@: no status effects
A: no striking features
a: no special abilities


You were on level 5 of the Dungeon.
You visited 1 branch of the dungeon, and saw 5 of its levels.

You collected 219 gold pieces.


   Skills:
 - Level 1.5 Fighting
 + Level 8.8 Ranged Weapons
 - Level 2.4 Dodging
 - Level 1.2 Stealth


You had 4 spell levels left.
You didn't know any spells.
Your spell library was empty.

Inventory:

Hand Weapons
 d - a +0 orcbow of flaming (weapon)
Armour
 i - a +0 ring mail (worn)
Jewellery
 f - a ring of see invisible (left hand)
 j - an amulet of the acrobat (around neck)
Potions
 a - a potion of resistance
 b - a potion of magic {unknown}
 e - a potion of brilliance {unknown}
 g - 2 potions of curing
 h - a potion of lignification {unknown}

Dungeon Overview and Level Annotations

Branches:
Dungeon (5/15)
 Temple: D:4-7

Altars:
Gozag
Kikubaaqudgha
Vehumet

Annotations:
D:3 2 runed translucent doors, qw's ghost, amateur SpHu


Message History

The gnoll shouts!
The arrow hits the gnoll.
The arrow burns the gnoll.
The gnoll is heavily wounded.
You shoot an arrow.
The arrow hits the gnoll but does no damage.
The gnoll is heavily wounded.
You shoot an arrow. The arrow hits the gnoll.
The arrow burns the gnoll.
The gnoll is almost dead.
You shoot an arrow. The arrow hits the gnoll!
The arrow burns the gnoll.
You kill the gnoll!
A gnoll sergeant comes into view. It is wielding a +1 spear of freezing.
A gnoll comes into view. It is wielding a +0 club.
You shoot an arrow. The gnoll sergeant shouts!
The gnoll shouts!
The arrow hits the gnoll!
The arrow burns the gnoll.
You kill the gnoll!
You shoot an arrow. The gnoll sergeant blocks the arrow.
You shoot an arrow.
The arrow barely misses the gnoll sergeant.
A gnoll comes into view. It is wielding a +0 whip.
You shoot an arrow. The arrow hits the gnoll sergeant.
The arrow burns the gnoll sergeant.
The gnoll sergeant is moderately wounded.
The gnoll sergeant hits you from afar with a +1 spear of freezing.
The gnoll sergeant freezes you.
You shoot an arrow. The arrow hits the gnoll sergeant.
The arrow burns the gnoll sergeant.
The gnoll sergeant is moderately wounded.
A gnoll comes into view. It is wielding a +0 whip.
The gnoll sergeant barely misses you.
The gnoll sergeant hits you from afar with a +1 spear of freezing.
The gnoll sergeant freezes you.
You shoot an arrow. The gnoll shouts!
The arrow hits the gnoll sergeant.
The arrow burns the gnoll sergeant.
The gnoll sergeant is heavily wounded.
The gnoll sergeant barely misses you.
You shoot an arrow. The gnoll sergeant blocks the arrow.
The gnoll sergeant hits you from afar with a +1 spear of freezing!
You die...

..########.#######
.........<........
..##.##.##########
#.# .. ###.##.# .
#......#
#.)#####+#.##.#
#.g..).......##
#...g!@..........
#...g......#.####
#..........#.#
#.........## #
#.........#
#..........#
#+###+###+##


You could see a gnoll sergeant and 2 gnolls.

Vanquished Creatures
  A hound (D:4)
  5 gnolls
  2 adders (D:3)
  A ribbon worm (D:2)
  5 dart slugs
  6 ball pythons
  7 endoplasms
  6 giant cockroaches
  6 goblins
  5 hobgoblins
  2 jackals (D:2)
  9 kobolds
  4 quokkas
  3 bats
  4 frilled lizards
  5 rats
71 creatures vanquished.

Notes
Turn   | Place    | Note
-------+----------+-------------------------------------------
     0 | D:1      | qw the Deep Elf Hunter began the quest for the Orb.
     0 | D:1      | Reached XP level 1. HP: 12/12 MP: 3/3
     0 | D:1      | 0 ||| qw: Version: 0.3-a-160-g6735b56
     0 | D:1      | 0 ||| qw: Game counter: 4835
     0 | D:1      | 0 ||| qw: Melee chars always use a shield: true
     0 | D:1      | 0 ||| qw: God list: Okawaru
     0 | D:1      | 0 ||| qw: Allow faded altars: false
     0 | D:1      | 0 ||| qw: Do Orc after clearing Dungeon:15 true
     0 | D:1      | 0 ||| qw: Do second Lair branch before Depths: true
     0 | D:1      | 0 ||| qw: Lair rune preference: random
     0 | D:1      | 0 ||| qw: Goals: Normal
     0 | D:1      | 0 ||| PLANNING D:1-11
    65 | D:1      | Reached XP level 2. HP: 16/16 MP: 4/4
   109 | D:1      | Reached skill level 6 in Ranged Weapons
   443 | D:1      | You fall into a shaft and drop 1 floor!
   458 | D:2      | Reached XP level 3. HP: 20/20 MP: 5/5
   537 | D:2      | 537 ||| UPGRADING to ring of see invisible.
   538 | D:2      | 538 ||| READING scroll labelled QAIHA ZISI.
   539 | D:2      | 539 ||| FLEEEEING.
   540 | D:2      | 540 ||| FLEEEEING.
   541 | D:2      | 541 ||| FLEEEEING.
   542 | D:2      | 542 ||| FLEEEEING.
   543 | D:2      | 543 ||| FLEEEEING.
   544 | D:2      | 544 ||| READING scroll labelled DOEFOCL BEUH.
   544 | D:2      | 544 ||| ENCHANTING +0 shortbow.
   545 | D:2      | 545 ||| FLEEEEING.
   546 | D:2      | 546 ||| FLEEEEING.
   547 | D:2      | 547 ||| FLEEEEING.
   548 | D:2      | 548 ||| FLEEEEING.
   549 | D:2      | 549 ||| FLEEEEING.
   550 | D:2      | 550 ||| FLEEEEING.
   551 | D:2      | 551 ||| FLEEEEING.
   552 | D:2      | 552 ||| FLEEEEING.
   553 | D:2      | 553 ||| FLEEEEING.
   554 | D:2      | 554 ||| FLEEEEING.
   555 | D:2      | 555 ||| FLEEEEING.
   556 | D:2      | 556 ||| FLEEEEING.
   557 | D:2      | 557 ||| FLEEEEING.
   558 | D:2      | 558 ||| FLEEEEING.
   559 | D:2      | 559 ||| FLEEEEING.
   560 | D:2      | 560 ||| FLEEEEING.
   561 | D:2      | 561 ||| FLEEEEING.
   562 | D:2      | 562 ||| FLEEEEING.
   563 | D:2      | 563 ||| FLEEEEING.
   564 | D:2      | 564 ||| STAIRDANCE
   729 | D:1      | 729 ||| SWAPPING to +0 orcbow.
   730 | D:1      | 730 ||| DROPPING +0 shortbow.
   731 | D:1      | 731 ||| READING 2 scrolls labelled PUXTUH OFONWE.
   735 | D:1      | 735 ||| DRINKING 3 coppery potions.
   736 | D:1      | 736 ||| DROPPING scroll of butterflies.
   829 | D:2      | Found a faded altar of an unknown god.
   854 | D:2      | Reached skill level 7 in Ranged Weapons
  1129 | D:2      | Identified the +9 chain mail of Gozag's Inspiration
                  | {Slay+3}
  1412 | D:2      | 1412 ||| DROPPING ring of magical power.
  1413 | D:2      | 1413 ||| READING 2 scrolls labelled FOITAN MOTIMEH.
  1413 | D:2      | 1413 ||| BRANDING +0 orcbow.
  1414 | D:2      | 1414 ||| READING scroll of brand weapon.
  1414 | D:2      | 1414 ||| BRANDING +0 orcbow of freezing.
  1415 | D:2      | 1415 ||| READING scroll labelled GENESCHOSKEFA.
  1416 | D:2      | 1416 ||| DRINKING 2 dark potions.
  1418 | D:2      | 1418 ||| Stepping ~*~*~tactically~*~*~ (cloud).
  1419 | D:2      | 1419 ||| DRINKING 2 potions of curing.
  1419 | D:2      | 1419 ||| (to cure poison)
  1530 | D:3      | Reached XP level 4. HP: 25/25 MP: 6/6
  1664 | D:3      | Found an ancient bone altar of Kikubaaqudgha.
  1670 | D:3      | Found an opulent altar of Gozag.
  1697 | D:3      | 1697 ||| READING scroll of brand weapon.
  1697 | D:3      | 1697 ||| BRANDING +0 orcbow of draining.
  1698 | D:3      | 1698 ||| DROPPING +0 orcbow of freezing.
  1712 | D:3      | HP: 4/25 [gnoll/+2 vampiric spear (8)]
  1713 | D:3      | 1713 ||| READING scroll of teleportation.
  1713 | D:3      | HP: 1/25 [adder (3)]
  1714 | D:3      | 1714 ||| DRINKING potion of heal wounds.
  1716 | D:3      | 1716 ||| FLEEEEING.
  1717 | D:3      | 1717 ||| FLEEEEING.
  1718 | D:3      | 1718 ||| FLEEEEING.
  1719 | D:3      | 1719 ||| FLEEEEING.
  1720 | D:3      | 1720 ||| FLEEEEING.
  1723 | D:3      | 1723 ||| FLEEEEING.
  1866 | D:3      | Found a runed translucent door.
  1868 | D:3      | Noticed qw's ghost (amateur SpHu)
  1918 | D:3      | Reached skill level 8 in Ranged Weapons
  2119 | D:3      | Found a runed translucent door.
  2201 | D:4      | Reached XP level 5. HP: 29/29 MP: 7/7
  2410 | D:4      | Found a radiant altar of Vehumet.
  2597 | D:4      | 2597 ||| UPGRADING to +0 ring mail.
  2607 | D:4      | 2607 ||| DROPPING +0 leather armour.
  2608 | D:4      | 2608 ||| UPGRADING to amulet of the acrobat.
  2613 | D:4      | 2613 ||| READING scroll labelled ZAF ILAGUASCHE.
  2614 | D:4      | 2614 ||| READING scroll labelled ZYICVI HIABUR.
  2614 | D:4      | 2614 ||| IDENTIFYING metallic brown potion
  2627 | D:5      | Entered Level 5 of the Dungeon
  2657 | D:5      | Slain by a gnoll sergeant

Levels and vault maps discovered:
D:1:      saegor_arrival_miasma, layout_loops_ring, minmay_tromino_v2
D:2:      layout_loops_cross, shapermc_ecumenical_altar_rom_forum
D:3:      layout_loops_ring, jmf_multi_god_temple, ebering_ghost_sewer_f,
          minmay_checkerbox
D:4:      layout_cave_pools, vehumet_crystals
D:5:      due_chaos_kobolds, layout_basic, mainiacjoe_overflow_24_doors,
          nrook_campfire, dreamdust_wishing_well,
          serial_library_hellmonk_recessed_alcove, minmay_shop_grid_forest,
          nicolae_shop_sticking_my_neck_out, uniq_duvessa

Skill      XL: |  1  2  3  4 |
---------------+-------------+-----
Ranged Weapons | 6 7 8 |  8.8
Fighting       | |  1.5
Dodging        | |  2.4
Stealth        | |  1.2

Action                     |  1- 3 |  4- 6 || total
---------------------------+-------+-------++-------
   Fire: Shortbow          |    56 |       ||    56
         Orcbow            |    71 |    65 ||   136
    Use: Scroll            |     6 |     4 ||    10
         Potion            |     3 |     1 ||     4
 Armour: Leather armour    |    19 |    12 ||    31
         Ring mail         |       |     3 ||     3
  Dodge: Dodged            |    35 |    17 ||    52

Table legend:
 A = Non-vault XP
 B = Vault XP
 C = Vault XP percentage of total XP
 D = Non-vault monster count
 E = Vault monster count
 F = Vault count percentage of total count
                 A         B        C        D         E       F
            +---------+---------+-------+---------+---------+-------
      Total |     246 |      14 |   5.4 |      63 |       8 |  11.3
            +---------+---------+-------+---------+---------+-------
        D:1 |      40 |       3 |   7.0 |      18 |       2 |  10.0
        D:2 |      37 |       0 |   0.0 |      20 |       0 |   0.0
        D:3 |      80 |      11 |  12.1 |      12 |       6 |  33.3
        D:4 |      61 |       0 |   0.0 |      11 |       0 |   0.0
        D:5 |      28 |       0 |   0.0 |       2 |       0 |   0.0
            +---------+---------+-------+---------+---------+-------
